 Dungeon Crawl Stone Soup version 0.24.0-123-gd5b16e6ec5 (webtiles) character file.

Game seed: 4040166719142068243, levelgen mode: deterministic

117033 Bamboo the Grappler (level 16, -9/167 HPs)
             Began as a Troll Monk on Jan 1, 2020.
             Was a High Priest of Ru.
             Killed from afar by a merfolk aquamancer (29 damage)
             ... with a ball of steam
             ... on level 3 of the Shoals.
             The game lasted 02:38:10 (25374 turns).

Bamboo the Grappler (Troll Monk)                   Turns: 25374, Time: 02:38:11

Health: -9/167     AC: 19    Str: 28    XL:     16   Next: 22%
Magic:  15/15      EV: 21    Int:  6    God:    Ru [*****.]
Gold:   2342       SH: 20    Dex: 15    Spells: 15/15 levels left

rFire    . . .     SeeInvis .     - Unarmed
rCold    . . .     Gourm    +   k - +0 large shield {rN+}
rNeg     + . .     Faith    .   R - quicksilver dragon scales
rPois    .         Spirit   .   (helmet restricted)
rElec    .         Reflect  .   W - scarf {cloud immunity}
rCorr    .         Harm     .   (gloves unavailable)
MR       ++...                  (boots unavailable)
Stlth    ..........             O - amulet of regeneration
HPRegen  1.17/turn              v - +2 ring of protection
MPRegen  0.14/turn              U - ring "Ysatuacy" {+Blink EV+6 Dex+3 Slay+5}

@: about to teleport
A: large, unfitting armour, claws 3, fast metabolism 3, gourmand, regeneration
1, shaggy fur 1, tough skin 3, no stealth, inability to use devices, hated by
all, no fire magic, no translocations magic, no transmutations magic
a: Draw Out Power, Power Leap, Apocalypse, Renounce Religion


You were on level 3 of the Shoals.
You worshipped Ru.
Ru was extremely pleased with you.
You were full.

You visited 6 branches of the dungeon, and saw 28 of its levels.
You also visited: Bailey, Gauntlet and Ice Cave.

You collected 2656 gold pieces.
You spent 314 gold pieces at shops.

Inventory:

Hand Weapons
 n - a +4 long sword of flaming
 q - a +1 flail of protection
 w - a +2 trident of piercing
 F - a +0 giant spiked club
 Z - a +0 spear of venom
Missiles
 X - 9 large rocks (quivered)
Armour
 k - a +0 large shield of positive energy (worn)
 r - a +1 cloak
 K - a +2 robe of magic resistance
 R - quicksilver dragon scales (worn)
 W - a scarf of cloud immunity (worn)
Jewellery
 c - an uncursed ring of protection from cold
 m - an uncursed ring of fire
 t - an uncursed amulet of guardian spirit
 v - a +2 ring of protection (left claw)
 y - an uncursed ring of poison resistance
 J - an uncursed ring of ice
 M - an uncursed ring of protection from cold
 O - an amulet of regeneration (around neck)
 P - an uncursed ring of resist corrosion
 Q - a +3 ring of protection
 T - a +3 ring of intelligence
 U - the ring "Ysatuacy" (right claw) {+Blink EV+6 Dex+3 Slay+5}
   (You found it in a Gauntlet)

   [ring of evasion]

   It affects your evasion (+6).
   It affects your dexterity (+3).
   It affects your accuracy and damage with ranged weapons and melee attacks
   (+5).
   It lets you blink.
 V - an uncursed ring of magical power
Scrolls
 d - 17 scrolls of teleportation
 l - a scroll of brand weapon {unknown}
 p - 9 scrolls of remove curse
 z - 8 scrolls of identify
 A - a scroll of blinking
 D - 2 scrolls of fog
 E - a scroll of amnesia
 H - 3 scrolls of enchant armour
 I - 5 scrolls of holy word
 L - 3 scrolls of magic mapping
Potions
 a - 2 potions of ambrosia
 e - 3 potions of mutation
 f - a potion of berserk rage {unknown}
 g - 3 potions of magic
 h - 2 potions of resistance {unknown}
 i - 7 potions of agility
 j - a potion of experience
 o - 5 potions of flight {unknown}
 s - 3 potions of might
 u - 3 potions of heal wounds
 x - 12 potions of curing
 B - 2 potions of invisibility {unknown}
 C - 4 potions of brilliance
 G - 3 potions of lignification
 N - 5 potions of haste
 S - a potion of cancellation
Comestibles
 b - 50 rations


   Skills:
 + Level 12.5 Fighting
 - Level 10.9 Armour
 - Level 10.3 Dodging
 + Level 12.7 Shields
 - Level 14.4 Unarmed Combat


You had 15 spell levels left.
You didn't know any spells.
Your spell library contained the following spells:

 Spells                   Type           Power        Failure   Level  Hunger
 Confusing Touch          Hex            #.....       73%         1    ##.....
 Sandblast                Erth           #.....       73%         1    ##.....
 Shock                    Conj/Air       #...         73%         1    ##.....
 Corpse Rot               Necr           N/A          86%         2    ###....
 Ensorcelled Hibernation  Hex/Ice        #.....       86%         2    ###....
 Sublimation of Blood     Necr           #.........   86%         2    ###....
 Throw Frost              Conj/Ice       #.....       86%         2    ###....
 Static Discharge         Conj/Air       #.......     97%         3    ####...
 Leda's Liquefaction      Hex/Erth       #.........   100%        4    #####..
 Agony                    Necr           #.......     100%        5    ######.
 Bolt of Draining         Conj/Necr      #.........   100%        5    ######.
 Borgnjor's Vile Clutch   Necr/Erth      #.........   100%        5    ######.
 Dispel Undead            Necr           #.......     100%        5    ######.
 Excruciating Wounds      Chrm/Necr      #.........   100%        5    ######.
 Lightning Bolt           Conj/Air       #.........   100%        5    ######.
 Metabolic Englaciation   Hex/Ice        #.........   100%        5    ######.
 Silence                  Hex/Air        #.........   100%        5    ######.
 Bolt of Cold             Conj/Ice       #.........   100%        6    #######
 Darkness                 Hex            #.........   100%        6    #######
 Freezing Cloud           Conj/Ice/Air   #.........   100%        6    #######
 Ozocubu's Refrigeration  Ice            #.........   100%        6    #######
 Shatter                  Erth           #.........   100%        9    #######
 Tornado                  Air            #.........   100%        9    #######
 Animate Skeleton         Necr           Unusable     N/A         1    N/A
 Apportation              Tloc           Unusable     N/A         1    N/A
 Summon Butterflies       Summ           Unusable     N/A         1    N/A
 Summon Small Mammal      Summ           Unusable     N/A         1    N/A
 Passwall                 Tmut/Erth      Unusable     N/A         2    N/A
 Call Canine Familiar     Summ           Unusable     N/A         3    N/A
 Ice Form                 Ice/Tmut       Unusable     N/A         4    N/A
 Petrify                  Tmut/Erth      Unusable     N/A         4    N/A
 Summon Ice Beast         Ice/Summ       Unusable     N/A         4    N/A
 Summon Mana Viper        Hex/Summ       Unusable     N/A         5    N/A
 Shadow Creatures         Summ           Unusable     N/A         6    N/A
 Simulacrum               Ice/Necr       Unusable     N/A         6    N/A
 Statue Form              Tmut/Erth      Unusable     N/A         6    N/A
 Summon Hydra             Summ           Unusable     N/A         7    N/A
 Ignition                 Fire           Unusable     N/A         8    N/A

Dungeon Overview and Level Annotations

Branches:
Dungeon (15/15)            Temple (1/1) D:6            Lair (6/6) D:10
 Shoals (3/4) Lair:3       Spider (0/4) Lair:2        Slime (0/5) Lair:6
    Orc (2/2) D:9             Elf (1/3) Orc:2        Vaults (0/5) D:14
 Depths (0/5) D:15         Bailey (visited)           IceCv (visited)
Gauntlet (visited)

Altars:
Ashenzari
Cheibriados
Dithmenos
Elyvilon
Fedhas
Gozag
Hepliaklqana
Kikubaaqudgha
Makhleb
Nemelex Xobeh
Okawaru
Qazlal
Ru
Sif Muna
Trog
Uskayaw
Vehumet
Wu Jian
Xom
Yredelemnul
Zin
The Shining One
Beogh
Jiyva

Shops:
D:7 *   Orc:2 !:=[   Shoals:2 }   Shoals:3 }

Annotations:
D:8 2 transporters, Sondor's ghost, novice DsGl


Innate Abilities, Weirdness & Mutations

You are too large for most types of armour.
You have claws for hands.
Your metabolism is lightning-fast.
You like to eat raw meat.
Your natural rate of healing is unusually fast.
You are covered in fur. (AC +1)
You have extremely tough skin. (AC +3)
You cannot be stealthy.
You cannot study or use magical devices.
You are hated by all.
You cannot study or cast Fire magic.
You cannot study or cast Translocations magic.
You cannot study or cast Transmutations magic.


Message History

You claw the merfolk!
The merfolk is severely wounded.
The merfolk is stunned by your will and fails to attack.
The merfolk impaler hits you from afar with a +2 trident of piercing!
* * * LOW HITPOINT WARNING * * *
x2 You redirect the merfolk aquamancer's attack!
The merfolk hits you with a +0 trident.
* * * LOW HITPOINT WARNING * * *
The water elemental is stunned by your will and fails to attack.
As you read the scroll of teleportation, it crumbles to dust.
You feel strangely unstable. The merfolk closely misses you.
You block the water elemental's attack. The merfolk completely misses you.
The merfolk impaler hits you from afar with a +2 trident of piercing.
* * * LOW HITPOINT WARNING * * *
x2 The merfolk hits you from afar with a +0 trident!
* * * LOW HITPOINT WARNING * * *
You block the water elemental's attack.
The merfolk aquamancer casts a spell at you.
The ball of steam hits you!!
You die...

≈≈≈≈...≈≈ ≈≈≈P≈≈≈≈≈≈≈≈≈≈≈
≈.....≈≈≈ ≈≈≈≈≈≈≈≈≈≈≈≈≈≈≈≈
≈.# ....≈ ≈≈≈≈≈≈≈≈PP≈P≈≈≈≈
≈.##... .. ≈≈≈≈≈≈≈≈≈P.P≈P≈≈
m...## .... ≈≈≈..≈≈≈≈≈≈P≈≈≈≈
≈<...##...≈≈ ≈.....≈≈≈≈≈≈≈P≈
≈(..........≈ #.......≈≈≈≈P
≈≈≈≈......m...###m.P(....≈≈≈
≈≈(..........≈mE@..≈≈.....≈%
≈≈≈≈...##<.≈...Em..)..≈...≈≈
≈≈)...####..≈.mmmm..)..≈...≈
≈≈≈..### ##...m.............
)≈≈≈...# ...................
.≈≈≈≈<.....................≈
#.≈≈$......................≈
..≈≈...}≈≈.≈≈≈...≈∩.....≈≈≈
##.≈....≈.>≈≈≈≈≈≈≈≈.....≈≈≈


You could see a merfolk impaler, a merfolk aquamancer, 7 merfolk and 2 water
elementals.

Vanquished Creatures
  A kraken (Shoals:2)
  A sphinx (D:15)
  Kirke (Lair:4)
  Roxanne (D:15)
  An orc warlord (Orc:1)
  A war gargoyle (D:15)
  A stone giant (Orc:2)
  Azrael (D:15)
  Nessos (D:13)
  A dire elephant (D:15)
  A minotaur (Gauntlet)
  Snorg (Lair:5)
  An ettin (D:15)
  A merfolk impaler (Shoals:1)
  2 fire dragons (D:15)
  A vault guard (D:14)
  2 merfolk aquamancers
  3 hydras
  2 tengu warriors (D:15)
  A merfolk avatar (Shoals:3)
  5 centaur warriors
  5 death yaks
  7 two-headed ogres
  5 skeletal warriors (D:14)
  3 unseen horrors
  A sea snake (Shoals:2)
  Pikel (D:8)
  5 ugly things
  4 orc knights
  A wolf spider (D:15)
  11 manticores
  2 orc sorcerers
  A deep elf mage (Orc:2)
  A cyclops (shapeshifter) (D:13)
  5 cyclopes
  A salamander (D:15)
  5 fauns
  5 elephants (Lair:3)
  5 merfolk sirens
  2 ice statues (IceCv)
  3 black mambas
  Maurice (D:13)
  A spiny frog (shapeshifter) (D:13)
  Psyche (D:12)
  A gargoyle (D:9)
  2 water nymphs (Shoals:2)
  5 spiny frogs
  An efreet (D:14)
  6 komodo dragons
  2 rime drakes
  8 trolls
  3 meliai
  A wolf spider simulacrum (Gauntlet)
  3 large abominations (Gauntlet)
  10 merfolk
  5 polar bears (Lair:6)
  4 hornets
  A wind drake (Shoals:1)
  6 dream sheep
  Grinder (D:5)
  4 snapping turtles (Shoals:1)
  19 slime creatures
  7 blink frogs
  A centaur simulacrum (Gauntlet)
  5 hippogriffs
  12 spriggans
  A shadow (D:15)
  9 wyverns
  A wraith (D:15)
  3 basilisks
  13 water elementals
  4 fire elementals (D:15)
  5 humans
  47 yaks
  A fire bat (Shoals:3)
  2 hungry ghosts
  2 vampire mosquitoes (D:15)
  A harpy simulacrum (Gauntlet)
  2 wargs
  3 hell hounds (D:15)
  Edmund (D:3)
  A soldier ant (D:11)
  7 water moccasins
  6 porcupines
  A meliai simulacrum (Gauntlet)
  9 black bears
  40 orc warriors
  3 sky beasts
  2 hornet zombies
  An eye of draining (D:13)
  4 slaves (D:8)
  A black bear (shapeshifter) (D:15)
  19 ice beasts
  15 ogres
  31 wolves
  7 boggarts
  A phantom (D:12)
  35 centaurs
  9 crocodiles
  4 big kobolds
  27 bullfrogs
  2 gnoll sergeants (D:10)
  2 wyvern zombies
  A hornet simulacrum (Gauntlet)
  2 wyvern skeletons
  4 killer bees (D:12)
  5 small abominations (Gauntlet)
  6 scorpions
  23 wights
  5 electric eels (D:10)
  2 howler monkeys (D:13)
  10 crimson imps
  3 centaur zombies
  A quasit (D:15)
  7 hounds
  5 jellies
  A bullfrog zombie (D:5)
  4 centaur skeletons
  23 orc priests
  A gnoll shaman (D:10)
  7 iguanas
  Natasha (thrice) (D:2)
  33 orc wizards
  10 worker ants
  A hound skeleton (D:5)
  A howler monkey zombie (D:7)
  15 adders
  2 worker ant zombies
  3 oozes
  2 adder skeletons
  5 worms
  4 dart slugs
  10 leopard geckos
  112 orcs
  3 giant cockroaches
  7 goblins
  13 hobgoblins
  12 jackals
  2 quokkas
  3 ball pythons
  10 bats
  5 frilled lizards
  A jackal skeleton (D:4)
  36 kobolds
  9 rats
  A bush (D:10)
  A fungus (Lair:5)
  4 tentacles (Shoals:2)
953 creatures vanquished.

Vanquished Creatures (others)
  A merfolk aquamancer (Shoals:1)
  A two-headed ogre (D:12)
  A manticore (D:10)
  A troll (D:14)
  A hornet (Lair:6)
  A slime creature (D:15)
  A dream sheep (Shoals:1)
  A vampire mosquito (D:15)
  A boggart (D:15)
  A centaur (Orc:2)
  4 orcs
  2 kobolds (D:12)
  6 fungi
  8 plants
  3 tentacles (Shoals:2)
33 creatures vanquished.

Grand Total: 986 creatures vanquished

Notes
Turn   | Place    | Note
-------+----------+-------------------------------------------
     0 | D:1      | Bamboo the Troll Monk began the quest for the Orb.
     0 | D:1      | Reached XP level 1. HP: 22/22 MP: 0/0
    54 | D:1      | Reached XP level 2. HP: 29/29 MP: 1/1
   254 | D:1      | Reached XP level 3. HP: 36/36 MP: 2/2
   380 | D:1      | Reached skill level 4 in Unarmed Combat
   927 | D:2      | Noticed Natasha
   934 | D:2      | Killed Natasha
   934 | D:2      | Reached XP level 4. HP: 29/45 MP: 3/3
  1407 | D:2      | Noticed Natasha
  1437 | D:2      | Killed Natasha
  1437 | D:2      | Reached skill level 5 in Unarmed Combat
  1437 | D:2      | Reached XP level 5. HP: 38/53 MP: 4/4
  1644 | D:2      | Noticed a centaur
  1799 | D:3      | Noticed a centaur
  1808 | D:3      | Killed a centaur
  1897 | D:3      | Reached XP level 6. HP: 62/62 MP: 5/5
  2259 | D:3      | Reached skill level 6 in Unarmed Combat
  2337 | D:4      | Found a hide-covered altar of Uskayaw.
  2340 | D:4      | Noticed Edmund
  2492 | D:3      | Killed Edmund
  2607 | D:3      | Reached XP level 7. HP: 55/70 MP: 6/6
  2980 | D:4      | Reached skill level 7 in Unarmed Combat
  3191 | D:5      | Entered Level 5 of the Dungeon
  3214 | D:5      | Noticed Grinder
  3229 | D:5      | Killed Grinder
  3229 | D:5      | Reached skill level 5 in Fighting
  3259 | D:5      | Reached XP level 8. HP: 80/80 MP: 7/7
  3643 | D:5      | Reached skill level 5 in Dodging
  4206 | D:2      | Noticed Natasha
  4212 | D:2      | Killed Natasha
  4506 | D:6      | Found a shattered altar of Ashenzari.
  4632 | D:6      | Found a staircase to the Ecumenical Temple.
  4637 | Temple   | Entered the Ecumenical Temple
  4686 | Temple   | Became a worshipper of Ru the Awakened
  4711 | D:6      | Gained mutation: You cannot be stealthy. [Ru sacrifice]
  4900 | D:6      | Reached XP level 9. HP: 92/92 MP: 8/8
  5315 | D:7      | You fall into a shaft and drop 2 floors!
  5319 | D:10     | Entered Level 10 of the Dungeon
  5474 | D:9      | Noticed a gargoyle
  5482 | D:9      | Killed a gargoyle
  5861 | D:9      | Found a flagged portal.
  5862 | D:9      | Noticed a two-headed ogre
  5869 | D:9      | Killed a two-headed ogre
  5869 | D:9      | Reached XP level 10. HP: 96/106 MP: 7/9
  5886 | Bailey   | Entered a bailey
  5895 | Bailey   | Noticed an orc warlord
  6026 | Bailey   | Found a runed translucent gate.
  6028 | Bailey   | Found a runed translucent gate.
  6030 | Bailey   | Found a runed translucent gate.
  6037 | Bailey   | Noticed an orc knight
  6093 | D:9      | HP: 3/106 [orc warrior/+0 hand axe (18)]
  6454 | D:8      | Found a transporter.
  6457 | D:8      | Noticed Sondor's ghost (novice DsGl)
  6506 | D:8      | Found a transporter.
  6875 | D:8      | Noticed Pikel
  6897 | D:8      | Killed Pikel
  7024 | D:8      | Gained mutation: You are hated by all. [Ru sacrifice]
  7024 | D:8      | Reached * piety under Ru
  7024 | D:8      | Reached ** piety under Ru
  7138 | D:7      | Found Huggeuce's Mass Market.
  7427 | D:7      | Reached skill level 8 in Unarmed Combat
  8051 | D:9      | Found a staircase to the Orcish Mines.
  8292 | D:9      | Reached XP level 11. HP: 78/115 MP: 8/10
  8855 | D:9      | Reached skill level 9 in Unarmed Combat
  9149 | D:10     | Reached skill level 10 in Fighting
  9355 | D:10     | Gained mutation: You cannot study or use magical devices.
                  | [Ru sacrifice]
  9355 | D:10     | Reached *** piety under Ru
  9355 | D:10     | Reached **** piety under Ru
  9837 | D:10     | Reached skill level 10 in Dodging
  9905 | D:10     | Reached skill level 10 in Unarmed Combat
  9976 | D:10     | Found a staircase to the Lair.
  9989 | D:10     | Found a basalt altar of Yredelemnul.
 10020 | D:10     | Noticed a two-headed ogre
 10024 | D:10     | Noticed a two-headed ogre
 10032 | D:10     | Killed a two-headed ogre
 10073 | D:10     | Killed a two-headed ogre
 10118 | D:10     | Reached skill level 11 in Unarmed Combat
 10374 | D:10     | Reached XP level 12. HP: 116/126 MP: 9/11
 10830 | Lair:1   | Entered Level 1 of the Lair of Beasts
 10888 | Lair:1   | Found a frozen archway.
 10896 | Lair:1   | Reached skill level 1 in Armour
 10975 | IceCv    | Entered an ice cave
 11152 | IceCv    | Found a transporter.
 11173 | IceCv    | Found a transporter.
 11180 | IceCv    | Reached skill level 12 in Unarmed Combat
 11526 | Lair:1   | Noticed a four-headed hydra
 11536 | Lair:1   | Killed a six-headed hydra
 12345 | Lair:2   | Reached skill level 5 in Armour
 12543 | Lair:2   | Found a hole to the Spider Nest.
 12798 | Lair:3   | Found a staircase to the Shoals.
 13075 | Lair:3   | Noticed a death yak
 13075 | Lair:3   | Noticed a death yak
 13075 | Lair:3   | Noticed a death yak
 13077 | Lair:3   | Noticed a death yak
 13087 | Lair:3   | Noticed a five-headed hydra
 13088 | Lair:3   | Noticed a death yak
 13104 | Lair:3   | Killed a death yak
 13108 | Lair:3   | Killed a death yak
 13149 | Lair:2   | Killed a death yak
 13325 | Lair:3   | Reached XP level 13. HP: 107/133 MP: 8/12
 13726 | Lair:3   | Reached skill level 13 in Unarmed Combat
 14253 | Lair:4   | Noticed Kirke
 14264 | Lair:4   | Killed Kirke
 14689 | Lair:4   | Found a gate leading to a gauntlet.
 14699 | Gauntlet | Entered a Gauntlet
 14699 | Gauntlet | Found a transporter.
 14706 | Gauntlet | Found a transporter.
 14709 | Gauntlet | Found a transporter.
 14710 | Gauntlet | Found a transporter.
 14713 | Gauntlet | Found a transporter.
 14714 | Gauntlet | Found a transporter.
 14724 | Gauntlet | Found a transporter.
 14724 | Gauntlet | Found a transporter.
 14732 | Gauntlet | Noticed a cacodemon
 14742 | Gauntlet | Found a transporter.
 14759 | Gauntlet | Found a transporter.
 14763 | Gauntlet | Found a transporter.
 14774 | Gauntlet | Found a transporter.
 14826 | Gauntlet | Got a scorched pewter ring
 14828 | Gauntlet | Identified the ring "Ysatuacy" {+Blink EV+6 Dex+3 Slay+5}
                  | (You found it in a Gauntlet)
 14971 | Gauntlet | Noticed a minotaur
 14978 | Gauntlet | Killed a minotaur
 14987 | Gauntlet | Identified Zaqehunk's Reference Book on Lightness and Ice
 16423 | Lair:6   | Entered Level 6 of the Lair of Beasts
 16602 | Lair:6   | Noticed Snorg
 16622 | Lair:5   | Killed Snorg
 16749 | Lair:6   | Found a viscous altar of Jiyva.
 16749 | Lair:6   | Found a staircase to the Slime Pits.
 16821 | Lair:6   | Reached skill level 10 in Armour
 16990 | Lair:6   | Reached skill level 14 in Unarmed Combat
 17243 | Lair:6   | Reached XP level 14. HP: 78/143 MP: 7/13
 17647 | Lair:6   | Identified a scroll of acquirement
 17940 | Orc:1    | Entered Level 1 of the Orcish Mines
 17940 | Orc:1    | Found a roughly hewn altar of Beogh.
 18170 | Orc:2    | Entered Level 2 of the Orcish Mines
 18306 | Orc:2    | Found a staircase to the Elven Halls.
 18357 | Orc:2    | Noticed an orc warlord
 18417 | Orc:1    | Killed an orc warlord
 18484 | Orc:2    | Noticed a stone giant
 18513 | Orc:2    | Killed a stone giant
 18513 | Orc:2    | Reached skill level 5 in Shields
 18837 | Orc:2    | Found Qonne's Book Emporium.
 18837 | Orc:2    | Found Jiuf's Jewellery Shop.
 18840 | Orc:2    | Found Kypor's Antique Armour Boutique.
 18842 | Orc:2    | Found Plog's Distillery.
 18846 | Orc:2    | Bought a potion of degeneration for 13 gold pieces
 18846 | Orc:2    | Bought a potion of brilliance for 52 gold pieces
 18846 | Orc:2    | Bought a potion of lignification for 39 gold pieces
 18852 | Orc:2    | Bought a dull robe for 210 gold pieces
 18862 | Orc:2    | Identified the +1 robe of the Republic {Str+4} (You bought
                  | it in a shop on level 2 of the Orcish Mines)
 19215 | Orc:1    | You fall into a shaft and drop 1 floor!
 19316 | Elf:1    | Entered Level 1 of the Elven Halls
 20058 | D:12     | Noticed Psyche
 20064 | D:12     | Killed Psyche
 20152 | D:12     | Reached skill level 10 in Shields
 20255 | D:12     | Found a shattered altar of Ashenzari.
 20383 | D:12     | Found the +5 robe of Misfortune {*Contam Harm *Corrode
                  | *Drain *Slow EV+5}
 20797 | D:13     | Noticed Nessos
 20824 | D:13     | Killed Nessos
 20909 | D:13     | Noticed Maurice
 20935 | D:13     | Killed Maurice
 21038 | D:13     | Reached XP level 15. HP: 149/149 MP: 14/14
 21860 | D:14     | Found a gate to the Vaults.
 22284 | D:15     | Entered Level 15 of the Dungeon
 22558 | D:15     | Noticed Azrael
 22582 | D:15     | Killed Azrael
 22691 | D:15     | Found a runed translucent door.
 22692 | D:15     | Noticed a sphinx
 22712 | D:15     | Killed a sphinx
 23542 | D:15     | Identified Roxanne's Volume of Stones
 23542 | D:15     | Noticed Roxanne
 23665 | D:15     | Killed Roxanne
 23868 | D:15     | Found a staircase to the Depths.
 24151 | Shoals:1 | Entered Level 1 of the Shoals
 24878 | Shoals:2 | Reached XP level 16. HP: 98/165 MP: 15/15
 25015 | Shoals:2 | Found Habereul's Gadget Shoppe.
 25048 | Shoals:2 | Noticed a kraken
 25094 | Shoals:2 | Killed a kraken
 25326 | Shoals:3 | HP: 4/167 [merfolk impaler/+2 demon trident of pain (19)]
 25329 | Shoals:3 | Found Deuschoki's Gadget Shop.
 25347 | Shoals:3 | Gained mutation: You cannot study or cast Fire magic. [Ru
                  | sacrifice]
 25347 | Shoals:3 | Gained mutation: You cannot study or cast Transmutations
                  | magic. [Ru sacrifice]
 25347 | Shoals:3 | Gained mutation: You cannot study or cast Translocations
                  | magic. [Ru sacrifice]
 25347 | Shoals:3 | Reached ***** piety under Ru
 25374 | Shoals:3 | Killed from afar by a merfolk aquamancer

Levels and vault maps discovered:
D:1:      erik_arrival_gehennom, layout_rooms, chequers_serial_rivers_micro_a
D:2:      layout_basic, lightli_corner_chamber, uniq_natasha
D:3:      layout_rooms
D:4:      layout_cave_pools, eat_drink_and_be_merry_uskayaw, uniq_edmund
D:5:      layout_loops_ring, first_ration, uniq_grinder
D:6:      layout_basic, minmay_temple_entry_statues_pillars, basic_altar,
          minmay_manual_moon
D:7:      layout_basic, grunt_ogre_cave, st_stairs_11, minmay_shop_mass,
          chequers_serial_rivers_micro_a
D:8:      layout_rooms, gammafunk_ghost_mausoleum, uniq_pikel
D:9:      layout_roguey, hiddenorc2_lemuel, enter_bailey_2
D:10:     kennysheep_town
D:11:     layout_irregular_city
D:12:     layout_rooms, ashenzari_altar_1, uniq_psyche
D:13:     layout_roguey, uniq_nessos, uniq_maurice
D:14:     layout_loops_ring, david_vaults_5, kennysheep_diamond
D:15:     hangedman_depths_entry_try_elsewhere_first, layout_grid_maze,
          minmay_parallelograms, minivault_13, uniq_azrael, uniq_roxanne
Temple:   compressed_dpeg_circular_temple
Lair:1:   layout_regular_city, portal_ice_cave_entry_ice_beasts, enter_volcano_1
Lair:2:   layout_hall_layers, spider_nest_entry_web_field,
          small_statue_intersection, st_stairs_7, chequers_serial_rivers_large_b
Lair:3:   layout_concentric_octagons, shoals_dummy_entry,
          chequers_serial_rivers_micro_c
Lair:4:   layout_roguey, gauntlet_entry_generic, st_stairs_12,
          chequers_serial_rivers_micro_d, serial_bayou_shore_b,
          serial_bayou_shore_a, uniq_kirke
Lair:5:   layout_cave_pods, minmay_holes, grunt_forest_stairs_basic
Lair:6:   minmay_lair_end_enchanted_forest, layout_cave_pods, slime_altar_1,
          uniq_snorg
Shoals:1: layout_shoals
Shoals:2: layout_shoals, serial_shops,
          nicolae_shop_temple_entry_statues_fountains
Shoals:3: layout_shoals, serial_shops, shop, shop, shop, shop,
          hangedman_shoal_volcano
Orc:1:    layout_diamond_mine, basic_altar
Orc:2:    st_orc_rangers, layout_diamond_mine
Elf:1:    elf_arrival_002, layout_geoelf_octagon, serial_shops, shop,
          minmay_elf_demonology

Skill      XL: |  1  2  3  4  5  6  7  8  9 10 11 12 13 14 15 |
---------------+----------------------------------------------+-----
Unarmed Combat | 4 5 6 7 8 11 12 14 | 14.4
Fighting       | 3 4 5 6 8 9 10 12 | 12.5
Dodging        | 4 5 7 9 10 | 10.3
Stealth        | 0 |  0.0
Armour         | 7 10 | 10.9
Shields        | 10 12 | 12.7

Action                   |  1- 3 |  4- 6 |  7- 9 | 10-12 | 13-15 | 16-18 || total
-------------------------+-------+-------+-------+-------+-------+-------++-------
Melee: Unarmed           |    76 |   216 |   258 |   978 |  1524 |   132 ||  3184
       Punch             |       |     3 |     8 |    64 |    41 |       ||   116
       Long sword        |       |       |       |       |    92 |       ||    92
Invok: Sacrifice Stealth |       |       |     1 |       |       |       ||     1
       Sacrifice Love    |       |       |       |     1 |       |       ||     1
       Sacrifice Artific |       |       |       |     1 |       |       ||     1
       Reject Sacrifices |       |       |       |     1 |     2 |       ||     3
       Draw Out Power    |       |       |       |     1 |       |       ||     1
       Sacrifice Arcana  |       |       |       |       |       |     1 ||     1
Evoke: Wand              |       |       |     2 |       |       |       ||     2
  Use: Scroll            |       |     2 |     3 |     5 |    16 |     2 ||    28
       Potion            |       |       |       |       |     2 |     1 ||     3
 Stab: Sleeping          |     2 |       |     2 |       |       |       ||     4
       Distracted        |       |       |       |     4 |     6 |       ||    10
       Invisible         |       |       |       |     1 |     2 |       ||     3
       Petrified         |       |       |       |     2 |       |       ||     2
       Paralysed         |       |       |       |       |     2 |       ||     2
  Eat: Chunk             |    11 |    19 |    29 |    70 |   109 |     4 ||   242
Armor: Robe              |    17 |       |       |   113 |       |       ||   130
       Skin              |    10 |    64 |    36 |    43 |       |       ||   153
       Quicksilver drago |       |       |       |   108 |   438 |    33 ||   579
Dodge: Dodged            |    36 |    91 |   108 |   631 |  1037 |    77 ||  1980
Block: Large shield      |       |       |       |       |  1082 |   181 ||  1263
       Rpst.: Long sword |       |       |       |       |    52 |       ||    52
